 Dungeon Crawl Stone Soup version 0.18-a0-5-gf1fb587 (webtiles) character file.

186 Goblin1989 the Chopper (level 5, -6/42 HPs)
             Began as a Hill Orc Gladiator on Oct 31, 2015.
             Was a Follower of Ashenzari.
             Killed by divine providence
             ... invoked by an orc priest
              (11 damage)
             ... on level 4 of the Dungeon.
             The game lasted 00:10:07 (2646 turns).

Goblin1989 the Chopper (Hill Orc Gladiator)         Turns: 2646, Time: 00:10:07

Health: -6/42      AC:  6    Str: 18    XL:     5   Next: 66%
Magic:  5/5        EV: 11    Int:  9    God:    Ashenzari [*.....]
Gold:   153        SH:  0    Dex: 11    Spells: 0 memorised, 4 levels left

rFire  . . .     SeeInvis .     a - +0 war axe (curse)
rCold  . . .     Clarity  +     y - +0 ring mail (curse)
rNeg   . . .     SustAt   .     (no shield)
rPois  +         Gourm    .     c - +0 helmet (curse)
rElec  .         Spirit   .     (no cloak)
rCorr  .         Warding  .     (no gloves)
rMut   .         Stasis   .     (no boots)
MR     .....                    q - amulet of clarity
Stlth  +.........               (no ring)
                                j - ring of poison resistance

@: not resistant to hostile enchantments, very unstealthy
A: no striking features
a: Scrying, Renounce Religion, Convert to Beogh


You were on level 4 of the Dungeon.
You worshipped Ashenzari.
Ashenzari was aware of your devotion.
You were not hungry.

You visited 1 branch of the dungeon, and saw 4 of its levels.

You collected 153 gold pieces.

Inventory:

Hand Weapons
 a - a cursed +0 war axe (weapon)
Missiles
 d - 3 throwing nets (quivered)
Armour
 c - a cursed +0 helmet (worn)
 t - a +1 helmet
 y - a cursed +0 ring mail (worn)
Jewellery
 j - a ring of poison resistance (left hand)
 q - an amulet of clarity (around neck)
 v - an uncursed ring of fire
Scrolls
 b - 3 scrolls of fog {unknown}
 g - 2 scrolls of identify {unknown}
 m - 2 scrolls of teleportation {unknown}
 o - a scroll of curse weapon
 p - a scroll of recharging {unknown}
 u - a scroll of amnesia {unknown}
 w - a scroll of noise {unknown}
Potions
 f - a potion of cancellation {unknown}
 l - 3 potions of degeneration {unknown}
 n - 2 potions of magic {unknown}
 r - 2 potions of poison {unknown}
 s - a potion of curing {unknown}
 A - a potion of lignification {unknown}
Comestibles
 e - 3 bread rations
 i - 2 beef jerkies
 k - 3 fruits
 z - a meat ration


   Skills:
 - Level 2.4 Fighting
 * Level 7.5 Axes
 - Level 1.7 Throwing
 + Level 2.1 Armour
 - Level 2.4 Dodging


You had 4 spell levels left.
You didn't know any spells.

Dungeon Overview and Level Annotations

Branches:
Dungeon (4/15)
 Temple: D:4-7

Altars:
Ashenzari
Dithmenos
Trog

Shops:
D:4 (


Message History

You slash the orc!
You kill the orc!
The orc priest miscasts a cantrip.
The orc priest hits you with a falchion.
* * * LOW HITPOINT WARNING * * *
You hit the orc priest but do no damage.
The orc priest is almost dead.
The orc priest mumbles some strange prayers to Beogh against you.
Pain shoots through your body!
* * * LOW HITPOINT WARNING * * *
Unknown command.
You closely miss the orc priest.
The orc priest is almost dead.
The orc priest completely misses you.
Unknown command.
You closely miss the orc priest.
The orc priest is almost dead.
The orc priest invokes the aid of Beogh against you.
Something smites you!
You die...

#............######
#............'<...#
#............#[...#
#............#....#
#............##.#.#
#.....).........#.#
#.............### #
#.............#
#[@...........#
......)o..........∩#
...............?.....
.......#########.#####
.....$. .. .......
....... .......


You could see an orc priest.

Vanquished Creatures
  An orc priest (D:3)
  An iguana (D:3)
  Robin (D:2)
  3 adders
  An adder skeleton (D:4)
  2 worms (D:2)
  A giant gecko (D:2)
  7 orcs
  A ball python (D:1)
  5 bats
  7 giant cockroaches
  14 hobgoblins
  7 kobolds
  A quokka (D:2)
  4 giant newts
  11 goblins
  8 rats
75 creatures vanquished.

Notes
Turn   | Place    | Note
--------------------------------------------------------------
     0 | D:1      | Goblin1989 the Hill Orc Gladiator began the quest for the Orb.
     0 | D:1      | Reached XP level 1. HP: 18/18 MP: 1/1
   319 | D:1      | Reached XP level 2. HP: 25/25 MP: 2/2
   333 | D:1      | Found a shattered altar of Ashenzari.
   356 | D:1      | Became a worshipper of Ashenzari the Shackled
   481 | D:1      | Reached skill level 5 in Axes
   659 | D:1      | Reached XP level 3. HP: 30/30 MP: 3/3
   884 | D:2      | Found a bloodstained altar of Trog.
   968 | D:2      | Reached skill level 6 in Axes
  1120 | D:2      | Reached XP level 4. HP: 25/37 MP: 4/4
  1354 | D:2      | Noticed Robin
  1371 | D:2      | Killed Robin
  1511 | D:2      | Reached * piety under Ashenzari
  1662 | D:2      | Reached skill level 1 in Armour
  1758 | D:3      | Found a shadowy altar of Dithmenos.
  1938 | D:3      | Reached skill level 7 in Axes
  1938 | D:3      | Reached XP level 5. HP: 40/42 MP: 5/5
  2610 | D:4      | Identified the +2 leather armour of the Game Afoot {-Tele +Inv MP+9 Int+3}
  2615 | D:4      | Found Fokoagaok's Antique Weapon Shop.
  2646 | D:4      | Killed from afar by an orc priest

Vault maps used:
D:1:      lightli_molten_gateway, ashenzari_altar_1
D:2:      lemuel_crystal_altar, first_bread, uniq_robin
D:3:      lemuel_upstairs_altar, nicolae_dithmenos_through_a_glass_darkly
D:4:      serial_shops, shop, kennysheep_nub, trog_hazing_becter

Action                   |  1- 3 |  4- 6 || total
-------------------------+-------+-------++-------
Melee: War axe           |   129 |    99 ||   228
  Use: Scroll            |     2 |       ||     2
  Eat: Chunk             |       |     5 ||     5
       Fruit             |       |     1 ||     1
